Map: 2000 Atmospheres LE

Players

ItsBill

  • Race: Zerg Zerg
  • League: Gold

Valens - Winner!

  • Race: Terran Terran
  • League: Bronze

VOD

Have the link to the VOD?

Description

Time

  • Played on: July 30, 2021, 12:26 a.m.
  • Length: 10:08
Show
View Real Time Build Order
Export as new Build Order

ItsBill Zerg 

Build Orders: Hatch First 

Get SALT Encoding   

  12  0:00  Drone  
  13  0:13  Overlord  
  13  0:17  Drone  
  14  0:32  Drone x2  
  16  0:50  Hatchery  
  16  0:55  Drone  
  16  0:58  Drone  
  16  1:01  Drone  
  18  1:22  Spawning Pool  
  18  1:25  Extractor  
  16  1:26  Drone  
  16  1:28  Drone  
  18  1:33  Drone  
  19  1:41  Drone  
  20  1:54  Overlord  
  20  2:07  Drone  
  21  2:09  Drone  
  21  2:10  Queen x2  
  26  2:17  Drone  
  27  2:24  Drone  
  28  2:31  Roach Warren  
  28  2:33  Drone x3  
  30  2:39  Spine Crawler, Drone  
  30  2:45  Overlord  
  30  2:55  Overlord  
  30  3:07  Drone x3  
  30  3:12  Queen  
  35  3:14  Evolution Chamber, Queen  
  35  3:18  Drone  
  37  3:20  Drone  
  38  3:40  Hatchery  
  37  3:42  Roach  
  37  3:43  Roach x2  
  37  3:46  Roach  
  45  3:50  Roach  
  47  3:56  Overlord  
  47  4:03  Zerg Missile Weapons Level 1  
  47  4:05  Roach x2  
  47  4:07  Drone  
  47  4:09  Overlord  
  52  4:16  Roach x2  
  56  4:20  Overlord  
  56  4:40  Overlord, Extractor  
  56  4:42  Roach x2  
  56  4:43  Drone x5  
  64  4:49  Roach  
  64  4:50  Roach x2  
  70  5:00  Drone x3  
  70  5:04  Drone  
  70  5:05  Queen  
  76  5:15  Roach x2  
  76  5:16  Overlord, Roach  
  82  5:26  Drone x3  
  85  5:28  Drone x2  
  89  5:35  Roach  
  89  5:36  Roach  
  91  5:45  Extractor  
  90  5:57  Overlord x2  
  90  5:59  Roach x4  
  90  6:03  Overlord x2  
  98  6:10  Lair  
  98  6:15  Drone  
  98  6:16  Drone x5  
  104  6:19  Drone x3  
  104  6:22  Overlord x2  
  107  6:27  Zerg Ground Armor Level 1  
  107  6:35  Spore Crawler  
  107  6:39  Spore Crawler  
  105  6:40  Extractor  
  105  6:47  Drone x4  
  105  6:53  Hatchery  
  107  7:06  Roach x5  
  107  7:07  Roach  
  119  7:10  Drone x2  
  121  7:19  Spore Crawler  
  121  7:20  Drone x4  
  125  7:22  Drone  
  125  7:31  Hydralisk Den  
  125  7:32  Evolution Chamber, Drone  
  125  7:34  Drone  
  125  7:35  Roach  
  125  7:36  Roach  
  129  7:38  Roach x4  
  129  7:41  Extractor  
  129  7:44  Extractor  
  135  7:49  Overseer  
  135  7:54  Overseer  
  135  7:56  Roach x4  
  135  7:57  Roach  
  145  8:02  Grooved Spines  
  145  8:03  Overlord x3  
  145  8:04  Overlord  
  145  8:26  Pneumatized Carapace  
  145  8:29  Drone x6  
  145  8:30  Drone x7  
  158  8:41  Overlord  
  158  8:42  Hydralisk x6  
  158  8:46  Hydralisk x2  
  174  9:01  Hydralisk x4  
  174  9:02  Hydralisk x2  
  186  9:03  Hatchery  
  186  9:08  Queen  
  186  9:09  Hydralisk x2  
  191  9:13  Hydralisk  
  191  9:16  Overlord x2  
  191  9:17  Overlord  
  191  9:28  Hydralisk  
  183  9:37  Hydralisk x3  
  183  9:38  Hydralisk x2  
  163  9:43  Roach x4  
Show
View Real Time Build Order
Export as new Build Order

Valens Terran - Winner!

Build Orders:  

Get SALT Encoding   

  12  0:00  SCV  
  13  0:12  SCV  
  14  0:18  Supply Depot  
  14  0:24  SCV  
  15  0:40  SCV  
  15  0:42  Barracks  
  16  0:52  SCV  
  17  1:04  SCV  
  18  1:16  SCV  
  19  1:20  Command Center  
  19  1:29  Marine  
  20  1:32  Supply Depot  
  20  1:39  Orbital Command  
  20  1:51  Refinery  
  20  1:55  Refinery  
  20  1:56  Marine  
  21  2:14  Marine  
  22  2:32  SCV  
  22  2:33  Bunker  
  23  2:37  Orbital Command  
  23  2:44  SCV  
  23  2:50  Barracks Tech Lab  
  24  2:56  SCV  
  24  2:57  Barracks  
  25  3:02  Barracks  
  25  3:19  Factory  
  26  3:27  SCV  
  26  3:29  Refinery  
  26  3:34  Engineering Bay  
  26  3:35  Supply Depot  
  26  3:38  Stimpack  
  26  3:39  SCV  
  27  3:47  SCV  
  28  3:51  SCV  
  28  3:54  Barracks Reactor  
  29  3:56  Barracks Reactor  
  29  3:58  Marauder  
  29  3:59  SCV  
  32  4:03  SCV  
  32  4:09  Missile Turret  
  33  4:11  SCV  
  33  4:13  Missile Turret  
  33  4:15  SCV  
  35  4:23  SCV  
  36  4:27  SCV  
  36  4:30  Refinery, Marine  
  38  4:32  Factory Tech Lab  
  38  4:35  SCV  
  39  4:39  SCV, Starport  
  40  4:47  SCV  
  40  4:51  SCV  
  40  4:52  Marine x2  
  43  4:53  Armory, Marine x3  
  47  5:04  SCV  
  48  5:10  Marine x3  
  48  5:11  Marine  
  52  5:15  Missile Turret  
  52  5:17  SCV, Starport  
  53  5:21  SCV  
  54  5:35  Supply Depot  
  54  5:39  SCV x2  
  54  5:42  Supply Depot  
  56  5:45  Starport Tech Lab  
  56  5:51  SCV x2  
  56  5:52  Fusion Core  
  56  5:56  Thor, Marine x4  
  56  5:57  Marine  
  68  6:01  Supply Depot  
  68  6:02  Supply Depot  
  68  6:03  SCV x2  
  71  6:07  Supply Depot  
  71  6:09  Terran Vehicle And Ship Armor Level 1  
  71  6:12  Combat Shield  
  71  6:14  Marine x3  
  71  6:15  Starport Tech Lab  
  74  6:40  Battlecruiser  
  80  6:49  Battlecruiser  
  80  6:51  Marine x3  
  80  6:52  Marine x2  
  91  7:09  Marine x2  
  91  7:12  Starport  
  91  7:15  Supply Depot  
  92  7:36  Marine x2  
  92  7:37  Marine x3  
  97  7:45  Weapon Refit  
  97  7:49  Raven  
  99  7:54  Marine x3  
  99  7:55  Marine x2, Starport Reactor  
  104  8:03  Battlecruiser  
  110  8:12  Supply Depot  
  110  8:13  Supply Depot  
  110  8:15  Supply Depot  
  110  8:34  Marine x5  
  115  8:52  Marine x5  
  120  8:59  Battlecruiser  
  126  9:09  Marine x3  
Tags
 
Add a new tag
Caveats
  • Supply blocks, unpowered buildings, or Contaminate may cause inaccurate times.
  • Supply counts are checked every 10 seconds.